 Dungeon Crawl Stone Soup version 0.25.0-9-g26727b657a (webtiles) character file.

Game seed: 12736881786061941790

39 mortelune the Skirmisher (level 3, -16/26 HPs)
             Began as a Demonspawn Chaos Knight on June 17, 2020.
             Was a Plaything of Xom.
             Demolished by a hellwing (22 damage)
             ... summoned by Xom
             ... on level 1 of the Dungeon.
             The game lasted 00:01:46 (515 turns).

mortelune the Skirmisher (Demonspawn Chaos Knight)   Turns: 515, Time: 00:01:47

Health: -16/26     AC:  7    Str: 13    XL:     3   Next: 28%
Magic:  3/3        EV: 11    Int: 13    God:    Xom [......]
Gold:   56         SH:  0    Dex: 12    Spells: 2/2 levels left

rFire    . . .     SeeInvis .   a - +0 falchion (chaos)
rCold    . . .     Gourm    .   (no shield)
rNeg     . . .     Faith    .   b - +2 leather armour
rPois    .         Spirit   .   (no helmet)
rElec    .         Reflect  .   (no cloak)
rCorr    .         Harm     .   (no gloves)
MR       .....                  (no boots)
Stlth    +.........             (no amulet)
HPRegen  0.08/turn              (no ring)
MPRegen  0.08/turn              (no ring)

@: very slightly contaminated
A: talons 1, icy blue scales 1, frail 1
a: Renounce Religion


You were on level 1 of the Dungeon.
You worshipped Xom.
You were a very special plaything of Xom.
You were not hungry.

You visited 1 branch of the dungeon, and saw 1 of its levels.

You collected 56 gold pieces.

Inventory:

Hand Weapons
 a - a +0 falchion of chaos (weapon)
Armour
 b - a +2 leather armour (worn)
Jewellery
 j - an uncursed ring of fire {unknown}
Scrolls
 e - a scroll of noise
Potions
 h - a potion of stabbing {unknown}
Comestibles
 c - 3 rations
 d - 4 chunks of flesh


   Skills:
 + Level 3.5 Fighting
 + Level 3.2 Long Blades
 + Level 2.4 Armour
 - Level 0.8 Dodging


You had 2 spell levels left.
You didn't know any spells.
Your spell library was empty.

Dungeon Overview and Level Annotations

Branches:
Dungeon (1/15)

Altars:


Innate Abilities, Weirdness & Mutations

You are partially covered in icy blue scales. (AC +2)
You have sharp toenails.
You are frail. (-10% HP)


Message History

The hellwing completely misses you.
You riposte.
You barely miss the hellwing.
You claw the hellwing, but do no damage.
The hellwing hits you but does no damage.
The goblin closely misses you.
You riposte.
You hit the goblin but do no damage. Lightning courses through the goblin!
You kill the goblin!
The rat barely misses you. x2; You riposte.
You hit the rat but do no damage. The hellwing barely misses you.
You riposte.
You hit the hellwing but do no damage.
You claw the hellwing, but do no damage.
The hellwing hits you but does no damage.
The rat bites you.
* * * LOW HITPOINT WARNING * * *
The rat barely misses you.
You riposte.
You hit the rat.
The rat seems to grow stronger.
The rat is heavily wounded.
The hellwing hits you!!
Ouch! That really hurt!
You die...
Xom bursts into laughter!

###..##.#######.#.r.########
..................###
#........######r4##
.........#######§##
##........#.......#
................F.#
###.....###.....).#
###.....###...÷..r#
##.......#.....r@4#
.........#.#####..####
...........# ##....#
..#.......# ##.....#
.....÷.###### .....#
#...........##. ....>#
#######........ .....#
#####...###..## .....#
.............. ######


You could see a hellwing (summoned, strong), a chaos spawn (summoned), a
bullfrog (drained) and 3 rats.

Vanquished Creatures
  A river rat (D:1)
  2 dart slugs (D:1)
  A leopard gecko (D:1)
  6 bats (D:1)
  2 giant cockroaches (D:1)
  3 hobgoblins (D:1)
  A ball python (D:1)
  4 frilled lizards (D:1)
  4 goblins (D:1)
  3 rats (D:1)
27 creatures vanquished.

Notes
Turn   | Place    | Note
-------+----------+-------------------------------------------
     0 | D:1      | mortelune the Demonspawn Chaos Knight began the quest for
                  | the Orb.
     0 | D:1      | Reached XP level 1. HP: 18/18 MP: 1/1
    32 | D:1      | XOM: silly message
    89 | D:1      | XOM: polymorph rat -> river rat
    95 | D:1      | Gained mutation: You are partially covered in icy blue
                  | scales. (AC +2) [demonic ancestry]
    95 | D:1      | Reached XP level 2. HP: 24/24 MP: 2/2
   248 | D:1      | XOM: noise
   331 | D:1      | Reached XP level 3. HP: 23/29 MP: 3/3
   341 | D:1      | XOM: give mutations
   341 | D:1      | Gained mutation: You have sharp toenails. [Xom's mischief]
   341 | D:1      | Gained mutation: You are frail. (-10% HP) [Xom's mischief]
   497 | D:1      | Noticed a bullfrog
   497 | D:1      | a bat changed into a bullfrog
   497 | D:1      | XOM: summons 2 hostile shadow creatures
   504 | D:1      | XOM: chaos cloud
   509 | D:1      | XOM: summons 2 hostile demons
   510 | D:1      | Noticed a chaos spawn
   510 | D:1      | Noticed a hellwing
   513 | D:1      | XOM: blink monster(s)
   515 | D:1      | Demolished by a hellwing

Illustrated notes

Levels and vault maps discovered:
D:1:      giann_wishing_wells, layout_rooms, patterned_corridor

Skill      XL: |  1  2 |
---------------+-------+-----
Armour         | 2 |  2.4
Long Blades    | 3 |  3.2
Fighting       | |  3.5
Dodging        | |  0.8

Action                   || total
-------------------------++-------
Melee: Falchion          ||    62
       Kick              ||     6
  Use: Scroll            ||     3
Armor: Leather armour    ||    38
Dodge: Dodged            ||    67
       Rpst.: Falchion   ||    23
